 Dungeon Crawl Stone Soup version 0.29-a0-364-g921d912d32 (webtiles) character file.

Game seed: 11478903749613065201

883 jlumianski the Chopper (level 7, -2/55 HPs)
             Began as a Demonspawn Fighter on Apr 30, 2022.
             Was an Initiate of Wu Jian.
             Slain by an orc
             ... wielding a +1 hand axe of electrocution
              (20 damage)
             ... on level 5 of the Dungeon.
             The game lasted 00:16:56 (4974 turns).

jlumianski the Chopper (Demonspawn Fighter)         Turns: 4974, Time: 00:16:57

Health: -2/55      AC: 14    Str: 18    XL:     7   Next: 76%
Magic:  7/7        EV:  5    Int:  9    God:    Wu Jian [......]
Gold:   186        SH:  9    Dex: 13    Spells: 6/6 levels left

rFire   . . .      SeeInvis .   a - +1 war axe (flame)
rCold   . . .      Faith    .   c - +0 buckler
rNeg    . . .      Spirit   .   h - +0 plate armour
rPois   .          Reflect  .   (no helmet)
rElec   .          Harm     .   r - +0 cloak
rCorr   .          Rampage  .   s - +0 pair of gloves
Will    .....                   (no boots)
Stlth   ..........              (no amulet)
HPRegen 2.18/turn               (no ring)
MPRegen 0.20/turn               (no ring)

@: marked
A: large bone plates 1, powered by death 1, magic regeneration
a: Renounce Religion


You were on level 5 of the Dungeon.
You worshipped Wu Jian.
Wu Jian was noncommittal.
You visited 1 branch of the dungeon, and saw 5 of its levels.

You collected 186 gold pieces.

Inventory:

Hand Weapons
 a - a +1 war axe of flaming (weapon)
 q - a +3 quarterstaff of chaos
 t - a +1 vorpal flail
Missiles
 f - 164 stones (quivered)
 m - 3 silver javelins
 u - 4 poisoned darts
Armour
 b - a +0 scale mail
 c - a +0 buckler (worn)
 h - a +0 plate armour (worn)
 i - a +0 troll leather armour {Pargi}
 r - a +0 cloak (worn)
 s - a +0 pair of gloves (worn)
Wands
 d - a wand of flame (19)
 y - a wand of polymorph (5)
 A - a wand of charming (5)
Scrolls
 v - a scroll of brand weapon
Potions
 e - a potion of flight
 g - a potion of curing
 j - 2 potions of lignification
 k - a potion of ambrosia {unknown}
 l - a potion of magic {unknown}
 n - a potion of brilliance {unknown}
 o - a potion of heal wounds {unknown}
 p - a potion of mutation {unknown}
 w - 2 potions of invisibility
 C - a potion of resistance {unknown}


   Skills:
 + Level 4.5 Fighting
 + Level 5.7 Axes
 + Level 0.8 Throwing
 + Level 4.4 Armour
 + Level 0.5 Dodging
 + Level 4.1 Shields
 + Level 0.5 Evocations


You had 6 spell levels left.
You didn't know any spells.
Your spell library contained the following spells:

 Spells                   Type           Power      Damage    Failure   Level
 Freeze                   Ice            0%         1d3       100%        1
 Frozen Ramparts          Ice            0%         1d2       100%        3
 Hailstorm                Conj/Ice       0%         3d3       100%        4


Dungeon Overview and Level Annotations

Branches:
Dungeon (5/15)
 Temple: D:4-7

Altars:
Hepliaklqana
Uskayaw
Wu Jian

Shops:
D:5 *


Innate Abilities, Weirdness & Mutations

You are partially covered in large bone plates. (SH +4)
You regenerate a little health from kills.
You regenerate magic rapidly.


Message History

The jackal bites you but does no damage.
The orc throws a boomerang.
The boomerang barely misses you.
The jackal bites you but does no damage.
A gnoll comes into view. It is wielding a +0 whip.
The jackal attacks as you move away! You block the jackal's attack.
The jackal attacks as you move away! The jackal completely misses you.
The jackal bites you.
There is an ornate altar of the Wu Jian Council here.
The jackal attacks as you move away! You block the jackal's attack.
You block the orc's attack. The orc attacks as you move away!
The orc barely misses you. The jackal attacks as you move away!
You block the jackal's attack. The jackal attacks as you move away!
The jackal bites you.
The jackal bites you but does no damage.
The orc attacks as you move away! The orc hits you but does no damage.
You are electrocuted!!
The jackal attacks as you move away!
The jackal bites you but does no damage.
The jackal attacks as you move away!
The jackal bites you but does no damage.
An iguana comes into view.
You see here 6 curare-tipped darts.
The orc attacks as you move away! You block the orc's attack.
The jackal attacks as you move away!
The jackal bites you but does no damage.
The iguana hisses menacingly.
You closely miss the iguana. You barely miss the orc.
You closely miss the jackal. The orc hits you but does no damage.
The jackal bites you but does no damage.
The iguana barely misses you. You block the jackal's attack.
You hit the iguana. You burn the iguana.
The iguana is lightly wounded.
You slash the jackal! You burn the jackal.
You kill the jackal!
The Council accepts your kill.
You barely miss the orc. You hit the jackal. You burn the jackal.
You kill the jackal!
The Council accepts your kill. The iguana bites you.
You block the gnoll's attack. The orc hits you but does no damage.
You are electrocuted!!
You die...

#!# #...##.# #.# ... ...
#...##.# #.# #.#
#.##...##$# #.#####.###
#.........###.......gg>
#..........[.........#
###.........##....##...#.
........)..........#g....
###.##...o.....g._.......
#..@(ggggg..........
##l##.._..8.....#.(.
#...###..........#$..
#.### ##!........##.# ...
....._...#)# .# #.#
###.#...###.# .. #.
#...?.....# .# # ########


You could see a gnoll shaman, an iguana, 5 gnolls and an orc.

Vanquished Creatures
  Sigmund (D:2)
  Edmund (D:3)
  Pargi (D:3)
  An ogre (D:5)
  A scorpion (D:5)
  Crazy Yiuf (D:2)
  A gnoll shaman (D:4)
  A hound (D:4)
  An iguana (D:2)
  Ijyb (D:3)
  Terence (D:2)
  Natasha (thrice) (D:3)
  2 gnolls (D:4)
  5 adders
  A worm (D:2)
  2 dart slugs
  An orc (D:4)
  5 bats
  7 endoplasms
  4 giant cockroaches
  6 goblins
  8 hobgoblins
  10 jackals
  3 quokkas
  6 ball pythons
  A frilled lizard (D:1)
  9 kobolds
  4 rats (D:1)
88 creatures vanquished.

Notes
Turn   | Place    | Note
-------+----------+-------------------------------------------
     0 | D:1      | jlumianski the Demonspawn Fighter began the quest for the
                  | Orb.
     0 | D:1      | Reached XP level 1. HP: 18/18 MP: 1/1
   162 | D:1      | Reached skill level 2 in Axes
   164 | D:1      | Gained mutation: You regenerate magic rapidly. [demonic
                  | ancestry]
   164 | D:1      | Reached XP level 2. HP: 24/24 MP: 2/2
   665 | D:1      | Reached XP level 3. HP: 29/29 MP: 3/3
  1244 | D:2      | Reached XP level 4. HP: 5/36 MP: 4/4
  1655 | D:2      | Noticed Sigmund
  1814 | D:2      | Noticed Terence
  1826 | D:2      | Killed Terence
  1827 | D:2      | Reached skill level 3 in Axes
  2103 | D:2      | Killed Sigmund
  2104 | D:2      | Reached skill level 4 in Axes
  2104 | D:2      | Gained mutation: You are partially covered in large bone
                  | plates. (SH +4) [demonic ancestry]
  2104 | D:2      | Reached XP level 5. HP: 12/42 MP: 5/5
  2104 | D:2      | Gained mutation: You regenerate a little health from kills.
                  | [demonic ancestry]
  2104 | D:2      | Reached XP level 6. HP: 14/48 MP: 6/6
  2530 | D:2      | Found a faded altar of an unknown god.
  2644 | D:2      | Found a runed translucent door.
  2645 | D:2      | Noticed Crazy Yiuf
  2655 | D:2      | Killed Crazy Yiuf
  2859 | D:3      | Noticed Ijyb
  2867 | D:3      | Killed Ijyb
  3132 | D:3      | Noticed Pargi
  3145 | D:3      | Killed Pargi
  3421 | D:3      | Noticed Natasha
  3430 | D:3      | Killed Natasha
  3815 | D:3      | Noticed Natasha
  3824 | D:3      | Killed Natasha
  3858 | D:3      | Reached XP level 7. HP: 55/55 MP: 7/7
  3896 | D:4      | Noticed Edmund
  3922 | D:3      | Killed Edmund
  3923 | D:3      | Reached skill level 5 in Axes
  4164 | D:3      | Noticed Natasha
  4175 | D:3      | Killed Natasha
  4909 | D:5      | Entered Level 5 of the Dungeon
  4909 | D:5      | Found Cexuanod's Elemental Accessories.
  4930 | D:5      | Found a hide-covered altar of Uskayaw.
  4942 | D:5      | Found a hazy altar of Hepliaklqana.
  4944 | D:5      | Found an ornate altar of the Wu Jian Council.
  4953 | D:5      | Became a worshipper of the Wu Jian Council
  4974 | D:5      | Slain by an orc

Illustrated notes

Levels and vault maps discovered:
D:1:      amcnicky_arrival_flooded_fountain, layout_basic, st_stairs_10,
          minmay_domino_2
D:2:      layout_rooms, ebering_ecumenical_altar_ruins, roderic_serpentine_path,
          uniq_sigmund, uniq_crazy_yiuf_cottage, uniq_terence
D:3:      layout_basic, uniq_pargi, uniq_natasha, uniq_ijyb
D:4:      layout_rooms, serial_glass, glass_columns_a, glass_columns_b,
          chequers_serial_rivers_small_b, nrook_mini_vaults, uniq_edmund
D:5:      layout_loops_ring, grunt_temple_overflow_open,
          minmay_temple_entry_wispy, nicolae_elemental_shop, guppyfry_shop_venom

Skill      XL: |  1  2  3  4  5  6  7 |
---------------+----------------------+-----
Axes           | 2 4 5 |  5.7
Armour         | 3 4 |  4.4
Shields        | 3 4 |  4.1
Fighting       | 4 |  4.5
Throwing       | |  0.8
Dodging        | |  0.5
Evocations     | |  0.5

Action                   |  1- 3 |  4- 6 |  7- 9 || total
-------------------------+-------+-------+-------++-------
Melee: War axe           |   116 |   118 |    66 ||   300
Throw: Dart              |       |     2 |     1 ||     3
Evoke: Wand              |       |     3 |     5 ||     8
  Use: Potion            |     1 |     6 |       ||     7
       Scroll            |       |     5 |     6 ||    11
Armor: Scale mail        |    36 |       |       ||    36
       Plate armour      |    48 |   104 |    50 ||   202
Dodge: Dodged            |    45 |    45 |    24 ||   114
Block: Buckler           |    26 |    51 |    41 ||   118

Table legend: (Time is in decaauts)
 A = Elapsed time spent in this place.
 B = Non-inter-level travel time spent in this place.
 C = Inter-level travel time spent in this place.
 D = Time resting spent in this place.
 E = Time spent auto-exploring this place.
 F = Levels seen in this place.
 G = Mean time per level.
                   A        B        C        D        E       F      G
               +--------+--------+--------+--------+--------+-----+--------+
         Total |   5104 |   5009 |     95 |    844 |   2598 |   5 | 1020.8 |
       Dungeon |   5104 |   5009 |     95 |    844 |   2598 |   5 | 1020.8 |
               +--------+--------+--------+--------+--------+-----+--------+

Top non-repeatable levels by time:
     D:2: 1592 daAuts
     D:3: 1424 daAuts
     D:1: 1279 daAuts
     D:4: 757 daAuts
     D:5: 50 daAuts
